Map: Frozen Temple

Players

Snute - Winner!

  • Race: Zerg Zerg

Guru

  • Race: Zerg Zerg

Event: DreamHack Open Tours WCS Spring Championship

VOD

Have the link to the VOD?

Description

Time

  • Played on: May 14, 2016, 4:38 a.m.
  • Length: 7:06

All games in this series

Show
View Real Time Build Order
Export as new Build Order

Snute Zerg - Winner!

Build Orders: Pool First 

Get SALT Encoding   

  12  0:00  Drone  
  13  0:21  Spawning Pool  
  12  0:25  Drone  
  13  0:29  Drone  
  13  0:31  Extractor  
  13  0:35  Drone  
  14  0:44  Overlord  
  14  1:07  Queen  
  14  1:08  Zergling x4  
  14  1:10  Zergling x2  
  19  1:20  Baneling Nest  
  19  1:23  Zergling x2  
  19  1:29  Zergling x2  
  20  1:40  Zergling x2  
  21  1:51  Overlord  
  21  2:01  Zergling x2  
  21  2:03  Metabolic Boost  
  21  2:08  Baneling  
  22  2:10  Baneling  
  22  2:12  Zergling x2  
  22  2:15  Zergling x2  
  24  2:18  Zergling x2  
  25  2:24  Drone  
  25  2:34  Drone  
  25  2:36  Baneling x2  
  26  2:42  Overlord  
  26  2:49  Drone x2  
  27  2:58  Drone  
  26  3:08  Baneling  
  26  3:09  Baneling  
  26  3:14  Baneling  
  26  3:21  Hatchery  
  26  3:26  Drone  
  26  3:27  Drone  
  26  3:39  Zergling x2  
  26  3:40  Zergling x2  
  26  3:52  Zergling x6  
  27  4:04  Queen, Drone  
  29  4:11  Drone x3  
  29  4:15  Drone  
  33  4:32  Hatchery  
  33  4:35  Drone  
  33  4:39  Drone  
  33  4:41  Drone x2  
  36  4:49  Roach Warren  
  35  4:59  Drone x2  
  37  5:00  Drone x2  
  37  5:06  Overlord  
  39  5:11  Extractor  
  39  5:13  Drone x2  
  40  5:16  Overlord  
  40  5:29  Roach x2  
  40  5:30  Roach x2  
  40  5:31  Roach  
  50  5:36  Roach  
  50  5:40  Roach x2  
  56  5:43  Roach  
  56  5:49  Roach  
  60  5:50  Ravager  
  60  5:51  Ravager  
  60  5:52  Zergling x4  
  60  5:56  Overlord  
  64  6:03  Zergling x4  
  66  6:16  Zergling x14  
  66  6:18  Zergling x2  
  74  6:21  Overlord  
  74  6:28  Baneling x6  
  74  6:29  Baneling  
  74  6:35  Baneling x3  
  74  6:36  Overlord  
  72  6:47  Zergling x10  
Show
View Real Time Build Order
Export as new Build Order

Guru Zerg 

Build Orders: Hatch First 

Get SALT Encoding   

  12  0:01  Drone  
  13  0:12  Overlord  
  13  0:18  Drone  
  14  0:31  Drone x2  
  14  0:34  Drone  
  17  0:51  Hatchery  
  17  0:54  Drone  
  17  1:08  Spawning Pool  
  17  1:10  Extractor  
  15  1:13  Drone  
  15  1:16  Drone  
  17  1:20  Drone  
  18  1:28  Drone  
  19  1:55  Zergling x4  
  19  2:01  Spine Crawler  
  20  2:03  Queen x2  
  20  2:04  Zergling x4  
  26  2:12  Overlord  
  22  2:31  Zergling x4  
  23  2:37  Zergling x4  
  23  2:38  Zergling x2  
  26  2:45  Zergling x2  
  26  2:48  Zergling x2  
  22  3:04  Drone  
  22  3:05  Spine Crawler  
  21  3:09  Drone  
  21  3:11  Drone  
  22  3:15  Drone  
  23  3:24  Evolution Chamber  
  22  3:29  Evolution Chamber  
  20  3:39  Drone x3  
  21  3:42  Drone  
  16  4:01  Drone  
  17  4:03  Drone x2  
  19  4:10  Drone  
  20  4:20  Roach Warren  
  20  4:22  Drone  
  20  4:26  Drone  
  20  4:29  Drone  
  22  4:32  Drone  
  22  4:35  Drone  
  24  4:39  Drone  
  24  4:42  Drone  
  26  4:47  Drone  
  26  4:48  Drone  
  28  4:55  Zerg Missile Weapons Level 1  
  28  4:59  Lair  
  28  5:07  Overlord  
  28  5:09  Overlord  
  28  5:24  Queen  
  28  5:26  Drone x2  
  28  5:27  Drone x3  
  35  5:28  Drone  
  35  5:31  Drone  
  37  5:36  Drone x2  
  37  5:37  Drone  
  37  5:39  Drone  
  37  5:42  Drone  
  42  5:46  Overlord  
  42  5:49  Extractor  
  41  5:53  Extractor  
  41  5:54  Roach x2  
  44  6:07  Drone  
  44  6:09  Drone x3  
  44  6:10  Drone  
  49  6:11  Overlord  
  49  6:14  Drone x2  
  51  6:21  Drone  
  52  6:29  Queen  
  52  6:30  Roach x2  
  58  6:33  Roach  
  58  6:37  Overlord x2  
  60  6:41  Overlord  
  60  6:49  Roach Warren  

Tags
 
Add a new tag
Caveats
  • Supply blocks, unpowered buildings, or Contaminate may cause inaccurate times.
  • Supply counts are checked every 10 seconds.